Unix NetHack Version 3.7.0-62 Work-in-progress - last build Aug 24 2022 13:01:46 (1754fd7919031489bd266d173cb7fe17fa02ec73,branch:master). Game began 2022-08-28 16:19:08, ended 2022-08-30 21:32:30. Moult, neutral male human Monk ----- ------- #####-...| |...).|### |.C.| |..>...# |...---- ---------- |.....| #....h@:.# |.?..%%.%| -----.- #|...eMd|## |.%..%%%.| ### #|......| # |.%!%.%%%| # #-------- #------- |..%%%%%%| ### #### #|....<| |...%.%%%| ## 1 #|.....-# # #-..%.%%%%| # # #......|## --|--- #####---------- # # |.(...| #### |....|### # # ------- #####......# --------.-----# |....| |............-# |....| |............| 0######.....| |............| ##0 ------ |.{...........### -------------- Moult the Student of Stones St:18 Dx:16 Co:18 In:10 Wi:14 Ch:9 Neutral S:92306 Dlvl:3 $:0 HP:0(97) Pw:69(69) AC:-8 Xp:12/22068 T:26059 Hungry Latest messages: The human mummy hits! The human mummy hits! The dingo misses! The dingo bites! The hobbit swings her sling. The hobbit hits! The human mummy hits! The human mummy just misses! The dingo bites! The newt misses! The hobbit swings her sling. The hobbit misses! The human mummy hits! The human mummy hits! The dingo misses! The human mummy misses! The human mummy hits! The dingo bites! The hobbit swings her sling. The hobbit misses! The human mummy misses! The human mummy hits! The dingo misses! The newt bites! The hobbit swings her sling. The hobbit misses! The human mummy hits! The human mummy hits! The dingo just misses! The newt misses! The hobbit swings her sling. The hobbit misses! The human mummy hits! The human mummy hits! The dingo bites! The hobbit swings her sling. The hobbit misses! The human mummy hits! The human mummy hits! The dingo bites! The newt bites! The hobbit swings her sling. The hobbit misses! The human mummy hits! You die... Do you want your possessions identified? y Do you want to see your attributes? y Do you want an account of creatures vanquished? y Do you want to see your conduct and achievements? y Do you want to see the dungeon overview? y Major events: Turn 1: Moult the neutral male human Monk entered the dungeon 1384: entered the Gnomish Mines 2063: attained the rank of Novice (level 3) 3612: entered Sokoban 3729: attained the rank of Initiate (level 6) 3868: completed sokoban 1 4762: completed sokoban 2 5158: completed sokoban 3 6400: reached Mine Town 12205: attained the rank of Student of Stones (level 10) 12503: completed sokoban 4 13025: acquired the Sokoban bag of holding 14377: acquired the Mines' End luckstone 19570: made his first wish - "blessed rustproof Eye of the Aethiopica", got "a cubical amulet named the Eye of the Aethiopica" 26059: killed by a human mummy, while frozen by a floating eye's gaze Inventory: Amulets U - the blessed Eye of the Aethiopica (being worn) Weapons F - 12 +0 darts H - a cursed +0 dart R - 5 +0 daggers (at the ready) Armor O - an uncursed thoroughly rusty +1 dwarvish iron helm (being worn) a - an uncursed very burnt +2 pair of leather gloves (being worn) z - an uncursed +1 pair of iron shoes (being worn) n - an uncursed +0 elven shield (being worn) S - an uncursed +3 dwarvish cloak (being worn) Comestibles I - an uncursed impossible burger c - 2 uncursed K-rations A - 3 uncursed tripe rations d - an uncursed tin of soup made from brown mold J - 2 uncursed eggs Z - an uncursed lizard corpse Rings N - an uncursed ring of invisibility Wands T - a wand of create monster (0:13) e - a wand of create monster (0:12) k - a wand of create monster (0:1) v - a wand of digging (0:5) Q - a wand of make invisible (0:3) C - a wand of striking (0:4) G - a wand of striking named probably almost empty (0:2) Tools b - a blessed bag of holding containing 50 items V - an uncursed bugle t - an uncursed blindfold named 23954 7p ABDEE pois sealth warn search fire MR invis D - an uncursed brass lantern q - an uncursed magic whistle Y - a blessed oil lamp f - an uncursed skeleton key s - an uncursed stethoscope i - an uncursed towel h - a +0 unicorn horn Gems/Stones L - an uncursed worthless piece of orange glass M - an uncursed luckstone Contents of the bag of holding: 3044 gold pieces 6 +0 darts a blessed +0 dagger a +0 dwarvish spear 3 +0 elven daggers 3 +0 knives 2 +0 orcish daggers named !C an uncursed +0 elven leather helm an uncursed +0 elven leather helm an uncursed +1 pair of elven boots an uncursed +0 pair of elven boots an uncursed +0 pair of high boots a blessed thoroughly rusty +2 pair of iron shoes an uncursed +0 small shield a blessed +2 elven cloak 5 uncursed apples 2 uncursed food rations 2 uncursed food rations an uncursed fortune cookie an uncursed lembas wafer 2 uncursed lembas wafers 13 uncursed lumps of royal jelly 2 uncursed lumps of royal jelly 3 uncursed oranges 5 uncursed tripe rations an uncursed egg an uncursed lizard corpse named Sir Lizardinomous 2 uncursed lizard corpses an uncursed spellbook of identify an uncursed spellbook of magic mapping an uncursed spellbook of teleport away an uncursed potion of extra healing 6 uncursed potions of fruit juice 2 blessed potions of healing 6 uncursed potions of water 5 uncursed potions of water a wand of light (0:6) a wand of speed monster (0:4) a wand of striking (0:8) a wand of striking (0:6) an uncursed blindfold an uncursed blindfold an uncursed brass lantern a can of grease (0:24) an uncursed lock pick an uncursed lock pick a +0 pick-axe named !C 2 uncursed tallow candles an uncursed tin whistle a +0 unicorn horn Moult the Monk's attributes: Background: You were a Student of Stones, a level 12 male human Monk. You were neutral, on a mission for Chih Sung-tzu who was opposed by Shan Lai Ching (lawful) and Huan Ti (chaotic). You were in the Dungeons of Doom, on level 3. You entered the dungeon 26059 turns ago. You had 22068 experience points, 17932 more were needed to attain level 13. Your score was 92306 before end-of-game adjustments. Basics: You had 0 out of 97 hit points. You had all 69 energy points (spell power). Your armor class was -8. Your wallet was empty. Autopickup was on for '_' plus thrown, with exceptions. Final Characteristics: Your strength was 18 (limit:18/100). Your dexterity was 16 (limit:18). Your constitution was 18 (limit:18). Your intelligence was 10 (limit:18). Your wisdom was 14 (limit:18). Your charisma was 9 (limit:18). Final Status: You were hungry. You were unencumbered. You were empty handed. You had grand master skill with martial arts. Final Attributes: You were piously aligned. You were magic-protected. You were fire resistant. You were sleep resistant. You were poison resistant. You saw invisible. You were telepathic. You were warned. You had automatic searching. You were stealthy. You had a moderate defense bonus (+7). You were warded. You took half spell damage. You were very lucky. You had extra luck. Bad luck did not time out for you. Good luck did not time out for you. You are dead. Miscellaneous: You never encountered a bones level. Total elapsed playing time was 11 hours, 7 minutes and 57 seconds. Vanquished creatures: an Olog-hai a lurker above a golden naga a vampire a lieutenant a ghost 4 queen bees 2 giant mimics a long worm a zruty 3 ogre tyrants an elven monarch 2 large mimics a wumpus 2 stalkers an earth elemental a hill giant a giant mummy a giant zombie 4 elf-nobles 2 wargs 2 winter wolves 4 small mimics a glass piercer a warhorse 2 xans 4 ogre leaders 3 quantum mechanics 11 trolls a wood golem 5 gelatinous cubes a large dog a freezing sphere 2 flaming spheres a shocking sphere a large cat 2 tigers 2 gargoyles 4 tengu 2 ochre jellies 2 leocrottas an elf mummy a red naga a pit viper a cobra 2 wraiths a carnivorous ape a leather golem 4 Grey-elves 5 soldiers a watchman 3 amorous demons a chameleon a crocodile 5 giant beetles 2 quivering blobs 6 cockatrices 6 wolves 3 winter wolf cubs 2 lynxes 2 panthers 3 gremlins a spotted jelly 5 leprechauns 6 orc-captains 5 iron piercers 2 giant spiders 2 scorpions 2 horses 4 black lights 2 vampire bats 3 forest centaurs 4 gnome rulers an orc mummy a dwarf mummy 2 brown puddings 2 rust monsters an owlbear a gold golem 3 werewolves 2 Green-elves 8 lizards a dog a jaguar a dwarf leader 2 white unicorns 4 dust vortices 4 ravens 3 plains centaurs 2 gnome mummies 2 snakes 3 water moccasins 5 apes 7 human zombies a rope golem a Woodland-elf 6 soldier ants 16 bugbears 2 imps 3 quasits 3 water nymphs 3 mountain nymphs 10 Mordor orcs 2 Uruk-hai 2 orc shamans 6 rock piercers a rock mole 2 fog clouds 5 yellow lights 2 violet fungi 21 gnome leaders 4 gnomish wizards a kobold mummy 4 gray oozes 10 elf zombies 2 straw golems a paper golem a baby crocodile 11 giant ants 3 little dogs 9 floating eyes a kitten 27 dwarves 5 homunculi a kobold leader 4 kobold shamans 11 hill orcs 20 rothes 3 rabid rats a centipede 5 giant bats 3 orc zombies 2 dwarf zombies 3 wererats 4 werejackals 8 iguanas 63 killer bees 2 acid blobs 4 coyotes 3 gas spores 8 hobbits a large kobold 11 hobgoblins 3 giant rats 6 cave spiders a brown mold 4 yellow molds 2 green molds a red mold 83 gnomes 10 garter snakes a gnome zombie 7 geckos 10 jackals 3 foxes 4 kobolds 7 goblins 2 sewer rats 16 grid bugs 11 lichens 5 newts 727 creatures vanquished. No species were genocided or became extinct. Voluntary challenges: You read items or engraved 35 times. You engraved Elbereth 14 times. You never genocided any monsters. You never polymorphed an object. You never changed form. You used 1 wish (for an artifact). You did not violate any of the special Sokoban rules. Achievements: You entered a shop. You entered the Gnomish Mines. You attained the rank of Novice. You entered Sokoban. You attained the rank of Initiate. You entered Minetown. You entered a temple. You attained the rank of Student of Stones. You completed Sokoban. You completed the Gnomish Mines. You learned the tune to open and close the Castle's drawbridge. The Dungeons of Doom: levels 1 to 20 Level 1: "vault" A fountain. Level 2: A fountain, a grave. Level 3: <- You were here. A health food store, a fountain. Final resting place for you, killed by a human mummy, while frozen by a floating eye's gaze. Level 4: A sink. Stairs down to The Gnomish Mines. Level 5: Level 6: An armor shop, a fountain. Level 7: Many fountains. Oracle of Delphi. Level 8: A fountain. Stairs up to Sokoban, level 7. Level 9: An altar to Chih Sung-tzu, a fountain, a grave. Level 10: A fountain. Level 11: A general store, a fountain. Level 12: Many fountains. Level 13: An altar to Chih Sung-tzu, a fountain. Level 14: Summoned by the Grand Master. Portal to The Quest. Level 15: A primitive area. Level 16: An altar to Chih Sung-tzu, a fountain, a sink. Level 17: A fountain. Level 18: "throne" Level 19: A grave. Level 20: "throne and flayer" The Gnomish Mines: levels 5 to 13 Level 5: Level 6: Level 7: Many shops, a temple to Chih Sung-tzu, some fountains, some trees. Level 8: Level 9: Level 10: Level 11: Level 12: Level 13: The Quest: Level 1: Many trees. Home. Sokoban: levels 7 up to 4 Level 4: Solved. Level 5: Solved. Level 6: Solved. Level 7: Solved. Game over: ---------- / \ / REST \ / IN \ / PEACE \ / \ | Moult | | 3044 Au | | killed by a | | human mummy | | | | | | 2022 | *| * * * | * _________)/\\_//(\/(/\)/\//\/|_)_______ Goodbye Moult the Monk... You died in The Dungeons of Doom on dungeon level 3 with 92002 points, and 3044 pieces of gold, after 26059 moves. You were level 12 with a maximum of 97 hit points when you died.